 Dungeon Crawl Stone Soup version 0.28-a0-1524-ge72afd5fc6 (webtiles) character file.

Game seed: 4420763191257660036

75 sbbq2022 the Chiller (level 4, -2/30 HPs)
             Began as a Mummy Ice Elementalist on Jan 18, 2022.
             Slain by Crazy Yiuf (13 damage)
             ... on level 2 of the Dungeon.
             The game lasted 00:04:43 (2367 turns).

sbbq2022 the Chiller (Mummy Ice Elementalist)       Turns: 2367, Time: 00:04:44

Health: -2/30      AC:  8    Str: 11    XL:     4   Next: 11%
Magic:  3/9        EV: 12    Int: 16    God:
Gold:   66         SH:  0    Dex: 12    Spells: 3/10 levels left

rFire   x . .      SeeInvis .   b - +0 short sword
rCold   + . .      Faith    .   (no shield)
rNeg    + + +      Spirit   .   a - +0 robe
rPois   ∞          Reflect  .   (no helmet)
rElec   .          Harm     .   (no cloak)
rCorr   .          Rampage  .   (no gloves)
Will    .....                   (no boots)
Stlth   ++........              (no amulet)
HPRegen 0.10/turn               (no ring)
MPRegen 0.11/turn               (no ring)

@: ice-armoured, freezing walls
A: cold resistance 1, negative energy resistance 3, torment resistance 2, heat
vulnerability 1, no potions
a: no special abilities


You were on level 2 of the Dungeon.
You visited 1 branch of the dungeon, and saw 2 of its levels.

You collected 66 gold pieces.

Inventory:

Hand Weapons
 b - a +0 short sword (weapon)
Armour
 a - a +0 robe (worn)
Jewellery
 e - a ring of ice
Scrolls
 c - a scroll of amnesia {unknown}
 d - a scroll of fog {unknown}
 f - a scroll of fear {unknown}


   Skills:
 - Level 1.5 Dodging
 - Level 1.5 Stealth
 + Level 3.8 Spellcasting
 * Level 4.3 Ice Magic


You had 3 spell levels left.
You knew the following spells:

 Your Spells              Type           Power      Damage    Failure   Level
a - Freeze                Ice            64%        1d8       3%          1
b - Frozen Ramparts       Ice            32%        1d5       9%          3
c - Ozocubu's Armour      Ice            16%        N/A       9%          3

Your spell library contained the following spells:

 Spells                   Type           Power      Damage    Failure   Level
 Call Canine Familiar     Summ           3%         N/A       45%         3
 Portal Projectile        Hex/Tloc       6%         N/A       45%         3
 Hailstorm                Conj/Ice       9%         3d4       56%         4
 Leda's Liquefaction      Hex/Erth       1%         N/A       86%         4


Dungeon Overview and Level Annotations

Branches:
Dungeon (2/15)

Altars:

Annotations:
D:2 Crazy Yiuf


Innate Abilities, Weirdness & Mutations

You are immune to poison.
Your flesh is cold resistant. (rC+)
You are immune to negative energy. (rN+++)
You are immune to unholy pain and torment.
You are vulnerable to heat. (rF-)
You do not drink.


Message History

Crazy Yiuf says, "Candle senile illywillydillykilly!"
Crazy Yiuf says, "Liver shrimp meccalolo!"
Crazy Yiuf says, "Defame hand song!"
Crazy Yiuf laughs, "Rot!"
Crazy Yiuf cries, "Hah dark broken!"
Crazy Yiuf cries, "You leg down broken song, no?"
Crazy Yiuf cries, "Cod!"
Crazy Yiuf screams, "Millenium!
Pitchfork forty-two hand."
Crazy Yiuf yells, "Spliff!
Shower ena shoe."
Crazy Yiuf laughs, "Lay!
Whiteboard hand seventy."
Done waiting.
Crazy Yiuf says, "Fire!
Dawk mobile koolooloo."
Unknown command.
Casting: Ozocubu's Armour (quite dangerous; 9% risk of failure)
Confirm with . or Enter, or press ? or * to list all spells.
The spell is quite dangerous to miscast (9% risk of failure)!
Continue anyway?
A film of ice covers your body!
Unknown command.
Unknown command.
Unknown command.
Casting: Ozocubu's Armour (quite dangerous; 9% risk of failure)
Confirm with . or Enter, or press ? or * to list all spells.
The spell is quite dangerous to miscast (9% risk of failure)!
Continue anyway?
Casting: Frozen Ramparts (quite dangerous; 9% risk of failure)
Press: ? - help, Dir - look around, f - activate The walls around you are covered in ice.
Unknown command.
You open the door.
The wall freezes Crazy Yiuf.
Crazy Yiuf grits, "Cake snockshim Hive!"
You hit Crazy Yiuf but do no damage.
Crazy Yiuf is lightly wounded.
The wall freezes Crazy Yiuf.
Crazy Yiuf hits you with a +2 quarterstaff of chaos!
Unknown command.
You hit Crazy Yiuf.
Crazy Yiuf is heavily wounded.
The wall freezes Crazy Yiuf.
Crazy Yiuf hits you with a +2 quarterstaff of chaos!
You are electrocuted!
You die...

♣♣♣♣♣### ###
♣♣♣.♣.P'.##
#...#♣..♣.P....##
#...g@♣♣♣♣.P....######
#)..#♣♣ ♣♣P+.........
### ♣♣#######... #...
### ###... ..#. ###
################.....
#...## #.#
#............>.....##
...... ##.#
##.....(....#####.##
......##..##
####.##...## ##..#


You could see Crazy Yiuf.

Vanquished Creatures
  2 adders (D:2)
  A dart slug (D:1)
  A worm (D:2)
  6 ball pythons
  3 endoplasms
  2 giant cockroaches
  7 goblins
  6 hobgoblins
  4 jackals (D:1)
  3 kobolds
  2 quokkas
  6 bats
  2 frilled lizards (D:1)
  5 rats (D:1)
50 creatures vanquished.

Vanquished Creatures (others)
  4 plants (D:1)
4 creatures vanquished.

Grand Total: 54 creatures vanquished

Notes
Turn   | Place    | Note
-------+----------+-------------------------------------------
     0 | D:1      | sbbq2022 the Mummy Ice Elementalist began the quest for the
                  | Orb.
     0 | D:1      | Reached XP level 1. HP: 13/13 MP: 4/4
   159 | D:1      | Reached XP level 2. HP: 7/19 MP: 0/6
   361 | D:1      | Found a faded altar of an unknown god.
   825 | D:1      | Reached XP level 3. HP: 22/24 MP: 7/7
  1099 | D:1      | Learned a level 3 spell: Frozen Ramparts
  1301 | D:1      | Reached skill level 4 in Ice Magic
  1597 | D:2      | Reached XP level 4. HP: 10/30 MP: 5/9
  2132 | D:2      | Found a runed translucent door.
  2133 | D:2      | Noticed Crazy Yiuf
  2208 | D:2      | Learned a level 3 spell: Ozocubu's Armour
  2367 | D:2      | Slain by Crazy Yiuf

Illustrated notes

Levels and vault maps discovered:
D:1:      lightli_arrival_statuegarden, layout_rooms,
          shapermc_ecumenical_altar_venn, serial_bayou_ford_a
D:2:      layout_rooms, dk_noncrumbling_2, kennysheep_generic_room_14,
          uniq_crazy_yiuf_cottage

Skill      XL: |  1  2  3 |
---------------+----------+-----
Spellcasting   | 3 |  3.8
Ice Magic      | 4 |  4.3
Dodging        | |  1.5
Stealth        | |  1.5

Action                   |  1- 3 |  4- 6 || total
-------------------------+-------+-------++-------
Melee: Short sword       |    86 |    14 ||   100
       Punch             |     2 |       ||     2
 Cast: Freeze            |    22 |       ||    22
       Frozen Ramparts   |     3 |     2 ||     5
       Ozocubu's Armour  |       |     2 ||     2
 Stab: Sleeping          |     2 |       ||     2
Armor: Robe              |    22 |     1 ||    23
Dodge: Dodged            |    57 |     4 ||    61

Table legend: (Time is in decaauts)
 A = Elapsed time spent in this place.
 B = Non-inter-level travel time spent in this place.
 C = Inter-level travel time spent in this place.
 D = Time resting spent in this place.
 E = Time spent auto-exploring this place.
 F = Levels seen in this place.
 G = Mean time per level.
                   A        B        C        D        E       F      G
               +--------+--------+--------+--------+--------+-----+--------+
         Total |   2380 |   2358 |     22 |    897 |    967 |   2 | 1190.0 |
       Dungeon |   2380 |   2358 |     22 |    897 |    967 |   2 | 1190.0 |
               +--------+--------+--------+--------+--------+-----+--------+

Top non-repeatable levels by time:
     D:1: 1556 daAuts
     D:2: 823 daAuts
